 Dungeon Crawl Stone Soup version 0.30.0-29-ga12c61a403 (webtiles) character file.

Game seed: 8924736868994815967

119 cdecastro the Trooper (level 5, -3/47 HPs)
             Began as a Ghoul Fighter on June 22, 2023.
             Slain by Terence
             ... wielding a +2 flail of holy wrath
              (4 damage)
             ... on level 2 of the Dungeon.
             The game lasted 00:02:17 (1318 turns).

cdecastro the Trooper (Ghoul Fighter)               Turns: 1318, Time: 00:02:18

Health: -3/47      AC: 10    Str: 22    XL:     5   Next: 3%
Magic:  4/4        EV:  8    Int:  3    God:
Gold:   40         SH:  4    Dex:  8    Spells: 4/4 levels left

rFire   + .          .
                       - Unarmed
rCold   + + .        b - +0 buckler
rNeg    + + +        q - +0 chain mail
rPois   ∞            (no helmet)
rElec   .            m - scarf {rC+ rF+}
rCorr   .            (no gloves)
SInv    .            p - +0 pair of boots
Will    .....        (no amulet) Stlth
                     (no ring)
HPRegen 0.00/turn    (no ring)
MPRegen 0.09/turn

%: no passive effects
@: mighty, inhibited regen
A: claws 1, cold resistance 1, negative energy resistance 3, inhibited
regeneration, torment resistance 2, devour on kill
a: no special abilities


You were on level 2 of the Dungeon.
You visited 1 branch of the dungeon, and saw 2 of its levels.

You collected 40 gold pieces.

Inventory:

Armour
 a - a +0 scale mail
 b - a +0 buckler (worn)
 m - a scarf of resistance (worn)
 p - a +0 pair of boots (worn)
 q - a +0 chain mail (worn)
Jewellery
 o - an amulet of magic regeneration
Scrolls
 d - a scroll of fog {unknown}
 e - a scroll of enchant armour {unknown}
 f - a scroll of acquirement {unknown}
 g - a scroll of noise {unknown}
 h - 3 scrolls of identify {unknown}
 n - 3 scrolls of magic mapping {unknown}
Potions
 i - 3 potions of magic {unknown}
 j - 2 potions of heal wounds {unknown}
 k - a potion of haste
 l - a potion of brilliance {unknown}


   Skills:
 + Level 4.9 Fighting
 - Level 2.6 Armour
 - Level 2.6 Shields
 + Level 4.2 Unarmed Combat


You had 4 spell levels left.
You didn't know any spells.
Your spell library contained the following spells:

 Spells                   Type           Power      Damage    Failure   Level
 Magic Dart               Conj           0%         1d3       99%         1
 Searing Ray              Conj           0%         2d4       100%        2
 Fulminant Prism          Conj/Hex       0%         3d5       100%        4


Dungeon Overview and Level Annotations

Branches:
Dungeon (2/15)

Altars:
Sif Muna

Annotations:
D:2 Terence


Innate Abilities, Weirdness & Mutations

You are immune to poison.
You have sharp fingernails.
Your flesh is cold resistant. (rC+)
You are immune to negative energy. (rN+++)
You do not regenerate when monsters are visible.
You are immune to unholy pain and torment.
You thrive by killing the living.


Message History

There are monsters nearby!
The gnoll attacks as you move away! The gnoll barely misses you.
You feel very mighty all of a sudden.
The gnoll hits you with a +2 whip of venom.
You scratch the gnoll.
The gnoll is moderately wounded.
The gnoll hits you with a +2 whip of venom.
The gnoll hits you from afar with a +0 halberd!
You barely miss the gnoll.
The gnoll is moderately wounded.
The gnoll hits you but does no damage. The gnoll completely misses you.
You claw the gnoll!
You kill the gnoll!
You feel better. You block the gnoll's attack.
The gnoll hits you but does no damage.
You see here a +2 whip of venom.
You barely miss the gnoll. The gnoll closely misses you.
You barely miss the gnoll. The gnoll hits you with a +0 halberd.
You scratch the gnoll.
The gnoll is lightly wounded.
The gnoll hits you with a +0 halberd!
* * * LOW HITPOINT WARNING * * *
You completely miss the gnoll.
The gnoll is lightly wounded.
The gnoll hits you with a +0 halberd!
* * * LOW HITPOINT WARNING * * *
You scratch the gnoll.
The gnoll is moderately wounded.
The gnoll hits you with a +0 halberd.
* * * LOW HITPOINT WARNING * * *
You claw the gnoll!
You kill the gnoll!
You have reached level 5!
You feel stronger.
You barely miss Terence.
Terence drinks a potion.
Terence seems to speed up.
Unknown command.
You barely miss Terence.
Terence screams, "I'm going to kill you!"
Terence hits you with a +2 flail of holy wrath.
You die...

..''............'............>###
..##............###.#............
..##............# #.#.####.##.###
..##............# #.#.####.##.#
..##............# #.#......##.#
###################.#########.###
# #........................... #
#†############.#########.### ##
#.##.......@.#.#########.### .##
#.##.#######@#.............. ..#
#.##.# g###########.### #.#
#.##.# g# #.# #.####.##.# .# #.#
.......##.# .# #.# #.#######.# .#
#.# #.# #.# .# #.# #.#### #.#
##.#


You could see Terence (fast) and 2 gnolls.

Vanquished Creatures
  A scorpion (D:2)
  2 gnolls (D:2)
  An adder (D:2)
  A dart slug (D:1)
  2 ball pythons (D:1)
  3 bats
  2 giant cockroaches (D:2)
  5 goblins (D:1)
  2 hobgoblins (D:1)
  4 kobolds
  4 quokkas
  2 frilled lizards (D:1)
  2 rats
31 creatures vanquished.

Notes
Turn   | Place    | Note
-------+----------+-------------------------------------------
     0 | D:1      | cdecastro the Ghoul Fighter began the quest for the Orb.
     0 | D:1      | Reached XP level 1. HP: 19/19 MP: 0/0
    39 | D:1      | Reached XP level 2. HP: 26/26 MP: 1/1
   478 | D:1      | Reached XP level 3. HP: 33/33 MP: 2/2
  1108 | D:2      | Noticed a scorpion
  1112 | D:2      | Found a shimmering blue altar of Sif Muna.
  1131 | D:2      | Killed a scorpion
  1132 | D:2      | Reached XP level 4. HP: 40/41 MP: 3/3
  1304 | D:2      | Noticed Terence
  1315 | D:2      | HP: 1/41 [gnoll/+0 halberd (6)]
  1317 | D:2      | Reached XP level 5. HP: 1/47 MP: 4/4
  1318 | D:2      | Slain by Terence

Illustrated notes

Levels and vault maps discovered:
D:1:      amcnicky_arrival_underground_garden, layout_loops_cross
D:2:      layout_basic, basic_altar, uniq_terence

Skill      XL: |  1  2  3  4 |
---------------+-------------+-----
Unarmed Combat | 3 4 |  4.2
Fighting       | 4 |  4.9
Armour         | |  2.6
Shields        | |  2.6

Action                     |  1- 3 |  4- 6 || total
---------------------------+-------+-------++-------
  Melee: Unarmed           |    97 |    14 ||   111
    Use: Potion            |       |     1 ||     1
 Armour: Scale mail        |    59 |       ||    59
         Chain mail        |       |     2 ||     2
  Dodge: Dodged            |    37 |     3 ||    40
  Block: Buckler           |    23 |     1 ||    24
